 Dungeon Crawl Stone Soup version 0.31-a0-700-gf13585253f (webtiles) character file.

Game seed: 4428248727861498696

702 qw the Skirmisher (level 7, -2/44 HPs)
             Began as a Gargoyle Hunter on Sept 7, 2023.
             Slain by Dowan
             ... wielding a +0 dagger
              (5 damage)
             ... on level 4 of the Dungeon.
             The game lasted 00:01:17 (3116 turns).

qw the Skirmisher (Gargoyle Hunter)                 Turns: 3116, Time: 00:01:18

Health: -2/44      AC: 10    Str: 14    XL:     7   Next: 66%
Magic:  7/7        EV: 16    Int: 10    God:
Gold:   134        SH:  5    Dex: 15    Spells: 6/6 levels left

rFire   . . .        d - +1 shortbow (heavy)
rCold   . . .        (shield currently unavailable)
rNeg    + . .        i - +0 ring mail
rPois   inf          (no helmet)
rElec   +            (no cloak)
rCorr   .            (no gloves)
SInv    .            (no boots)
Will    .....        l - amulet of reflection
Stlth   +            j - +5 ring of evasion
HPRegen 0.27/turn    (no ring)
MPRegen 0.10/turn

%: reflection
@: no status effects
A: sickness immunity, AC +4, negative energy resistance 1, electricity
resistance, torment resistance 1, petrification resistance
a: no special abilities


You were on level 4 of the Dungeon.
You visited 1 branch of the dungeon, and saw 4 of its levels.

You collected 134 gold pieces.


Innate Abilities, Weirdness & Mutations

You are immune to sickness and miasma.
Your stone body is resilient. (AC +4)
You are immune to poison.
You resist negative energy. (rN+)
You are resistant to electric shocks. (rElec)
You are resistant to unholy torment.
You are immune to petrification.


   Skills:
 + Level 4.3 Fighting
 - Level 8.2 Ranged Weapons
 - Level 2.0 Armour
 - Level 1.5 Dodging
 - Level 1.1 Stealth


You had 6 spell levels left.
You didn't know any spells.
Your spell library was empty.

Inventory:

Hand Weapons
 d - a +1 heavy shortbow (weapon)
Armour
 i - a +0 ring mail (worn)
Jewellery
 h - a ring of fire
 j - a +5 ring of evasion (left hand)
 l - an amulet of reflection (around neck)
Scrolls
 b - 3 scrolls of identify
 n - a scroll of revelation {unknown}
Potions
 a - a potion of heal wounds {unknown}
 c - a potion of mutation {unknown}
 e - a potion of resistance {unknown}
 f - a potion of brilliance {unknown}
 g - a potion of curing {unknown}
 k - a potion of lignification {unknown}
 m - a potion of might {unknown}

Dungeon Overview and Level Annotations

Branches:
Dungeon (4/15)
 Temple: D:4-7

Altars:
Makhleb

Shops:
D:4 *

Annotations:
D:1 Natasha
D:4 Dowan


Message History

You shoot an arrow. The arrow closely misses Duvessa.
Duvessa hits you with a +0 rapier! Duvessa hits you but does no damage.
You shoot an arrow. The arrow hits Duvessa!
Duvessa is moderately wounded.
Duvessa closely misses you. Duvessa hits you with a +0 rapier.
You shoot an arrow. The arrow closely misses Duvessa.
Duvessa hits you but does no damage.
Dowan casts a spell.
Dowan blinks!
Duvessa says, "Where magic fails, the sword succeeds!"
Duvessa hits you with a +0 rapier.
You shoot an arrow. The arrow closely misses Duvessa.
The arrow barely misses Dowan.
Duvessa says, "My weaknesses are his strengths!"
You block Duvessa's attack.
Dowan casts a spell.
Dowan blinks!
You shoot an arrow. The arrow hits Duvessa!
Duvessa is heavily wounded.
Duvessa closely misses you. x2; Duvessa misses you.
You shoot an arrow. The arrow hits Duvessa!
Duvessa is almost dead.
Duvessa closely misses you. Duvessa hits you but does no damage.
You shoot an arrow. The arrow completely misses Duvessa.
Duvessa hits you with a +0 rapier. You block Duvessa's attack.
Duvessa barely misses you.
You shoot an arrow. The arrow hits Duvessa!
You kill Duvessa!
You hear a distant wail of despair.
Your Ranged Weapons skill increases to level 8!
You shoot an arrow. The arrow hits Dowan!
Dowan is heavily wounded.
Dowan seems to find hidden reserves of power!
You shoot an arrow. The arrow closely misses Dowan.
You block Dowan's attack.
You shoot an arrow. The arrow barely misses Dowan.
Dowan closely misses you. Dowan hits you but does no damage.
You shoot an arrow. The arrow closely misses Dowan.
Dowan hits you with a +0 dagger. x2
You die...

##.. #...........# . ..
.# #.#.####..### #
..###.#. #.#.# #..# .
##.....#.#.#.#.# #..# #
#......#.#.#.#.# #..# .
#.....#...#.#.####..#
## #.....
#..#.#.#)....# ..
#....e##....#.#.##.####
...
#.###@#..............#
...
##.....#...#.#..#.####
... #......#...#.#..#.#
. ...#.....#...#.#..#.#
### ..
#......##.#.#..#.# #...
..#.....##....#..#.#
..... #..
...#.###.#.......#.# #
....#..
..###.....#......#.#
#.....
#.###.#......#......#.#


You could see Dowan (fast).

Vanquished Creatures
  Eustachio (D:4)
  Duvessa (D:4)
  A phantom (D:4)
  Blork the orc (D:4)
  A bullfrog (D:4)
  A jelly (D:4)
  Ijyb (D:2)
  Natasha (D:1)
  An orc wizard (D:3)
  Terence (D:2)
  3 adders
  2 worms
  4 dart slugs
  7 orcs (D:3)
  4 endoplasms
  11 giant cockroaches
  7 goblins
  6 hobgoblins
  4 jackals (D:2)
  8 kobolds
  3 quokkas
  5 ball pythons
  3 bats
  4 frilled lizards
  4 rats
85 creatures vanquished.

Notes
Turn   | Place    | Note
-------+----------+-------------------------------------------
     0 | D:1      | qw the Gargoyle Hunter began the quest for the Orb.
     0 | D:1      | Reached XP level 1. HP: 12/12 MP: 1/1
     0 | D:1      | 0 ||| qw: Version: 0.3-a-76-g4403597
     0 | D:1      | 0 ||| qw: Game counter: 474
     0 | D:1      | 0 ||| qw: Melee chars always use a shield: true
     0 | D:1      | 0 ||| qw: God list: Okawaru
     0 | D:1      | 0 ||| qw: Allow faded altars: false
     0 | D:1      | 0 ||| qw: Do Orc after clearing Dungeon:15 true
     0 | D:1      | 0 ||| qw: Do second Lair branch before Depths: true
     0 | D:1      | 0 ||| qw: Lair rune preference: random
     0 | D:1      | 0 ||| qw: Goals: Normal
     0 | D:1      | 0 ||| PLANNING D:1-11
   112 | D:1      | Reached XP level 2. HP: 17/17 MP: 2/2
   761 | D:1      | Reached XP level 3. HP: 21/21 MP: 3/3
   809 | D:1      | 809 ||| UPGRADING to +0 ring mail.
   819 | D:1      | 819 ||| DROPPING +0 leather armour.
   820 | D:1      | 820 ||| READING scroll labelled RETIKI DOGENWU.
   821 | D:1      | 821 ||| READING scroll labelled LEQONO ECVAHEO.
   822 | D:1      | 822 ||| DRINKING 2 fizzy sapphire potions.
   827 | D:1      | 827 ||| DROPPING scroll of butterflies.
   828 | D:1      | 828 ||| DROPPING potion of ambrosia.
   850 | D:2      | Noticed Natasha
   851 | D:2      | 851 ||| STAIRDANCE
   859 | D:2      | 859 ||| STAIRDANCE
   862 | D:1      | Killed Natasha
   911 | D:1      | Noticed Natasha
   952 | D:2      | Reached skill level 5 in Ranged Weapons
   987 | D:2      | Reached XP level 4. HP: 27/27 MP: 4/4
  1168 | D:2      | Noticed Terence
  1181 | D:2      | Killed Terence
  1182 | D:2      | Reached skill level 3 in Fighting
  1246 | D:2      | 1246 ||| Stepping ~*~*~tactically~*~*~ (outnumbered).
  1248 | D:2      | 1248 ||| Stepping ~*~*~tactically~*~*~ (outnumbered).
  1452 | D:2      | 1452 ||| DROPPING ring of wizardry.
  1453 | D:2      | 1453 ||| READING 2 scrolls labelled YVYUNA LIREISA.
  1454 | D:2      | 1454 ||| READING scroll labelled UREUCY VAFOU.
  1455 | D:2      | 1455 ||| READING scroll labelled CUMUOH SEUTTOI.
  1456 | D:2      | 1456 ||| READING scroll labelled XAQEIKHLEHI.
  1459 | D:2      | 1459 ||| READING scroll labelled HOMEOG HEPLO.
  1560 | D:2      | 1560 ||| READING scroll labelled OLI ECZUSHETILL.
  1633 | D:3      | Noticed Ijyb
  1641 | D:3      | 1641 ||| FLEEEEING.
  1642 | D:3      | 1642 ||| FLEEEEING.
  1643 | D:3      | 1643 ||| FLEEEEING.
  1644 | D:3      | 1644 ||| FLEEEEING.
  1646 | D:3      | 1646 ||| FLEEEEING.
  1647 | D:3      | 1647 ||| FLEEEEING.
  1648 | D:3      | 1648 ||| FLEEEEING.
  1649 | D:3      | 1649 ||| FLEEEEING.
  1651 | D:3      | 1651 ||| FLEEEEING.
  1652 | D:3      | 1652 ||| FLEEEEING.
  1653 | D:3      | 1653 ||| FLEEEEING.
  1654 | D:3      | 1654 ||| FLEEEEING.
  1655 | D:3      | 1655 ||| FLEEEEING.
  1657 | D:3      | 1657 ||| FLEEEEING.
  1658 | D:3      | 1658 ||| FLEEEEING.
  1660 | D:3      | 1660 ||| FLEEEEING.
  1661 | D:3      | 1661 ||| STAIRDANCE
  1663 | D:2      | 1663 ||| FLEEEEING.
  1664 | D:2      | 1664 ||| FLEEEEING.
  1672 | D:2      | Killed Ijyb
  1673 | D:2      | Reached XP level 5. HP: 17/32 MP: 5/5
  1814 | D:3      | Found a burning altar of Makhleb.
  1967 | D:3      | HP: 8/32 [orc/+0 short sword (5)]
  2183 | D:3      | 2183 ||| READING scroll of brand weapon.
  2183 | D:3      | 2183 ||| BRANDING +1 shortbow of flaming.
  2188 | D:3      | Found a faded altar of an unknown god.
  2233 | D:3      | Reached skill level 6 in Ranged Weapons
  2571 | D:3      | 2571 ||| UPGRADING to amulet of reflection.
  2576 | D:3      | 2576 ||| UPGRADING to +5 ring of evasion.
  2577 | D:3      | 2577 ||| READING scroll labelled LOPPOKHL SAKOC.
  2601 | D:3      | 2601 ||| READING scroll labelled HEYDO PUICLANY.
  2704 | D:4      | Reached XP level 6. HP: 39/39 MP: 6/6
  2744 | D:4      | Noticed Blork the orc
  2747 | D:4      | Killed Blork the orc
  2829 | D:4      | Noticed Eustachio
  2832 | D:4      | 2832 ||| RETREATING.
  2837 | D:4      | 2837 ||| Stepping ~*~*~tactically~*~*~ (retreating).
  2838 | D:4      | 2838 ||| Stepping ~*~*~tactically~*~*~ (retreating).
  2844 | D:4      | 2844 ||| Stepping ~*~*~tactically~*~*~ (retreating).
  2845 | D:4      | 2845 ||| Stepping ~*~*~tactically~*~*~ (retreating).
  2846 | D:4      | 2846 ||| Stepping ~*~*~tactically~*~*~ (retreating).
  2847 | D:4      | 2847 ||| Stepping ~*~*~tactically~*~*~ (retreating).
  2848 | D:4      | 2848 ||| Stepping ~*~*~tactically~*~*~ (retreating).
  2850 | D:4      | Reached skill level 7 in Ranged Weapons
  2850 | D:4      | Reached XP level 7. HP: 44/44 MP: 7/7
  2850 | D:4      | Killed Eustachio
  2964 | D:4      | Found Anedife's Serpentskin Sales.
  2970 | D:4      | 2970 ||| SHOPLISTING +1 ring mail of poison resistance (182
                  | gold, have 134).
  3099 | D:4      | Noticed Duvessa
  3099 | D:4      | Noticed Dowan
  3106 | D:4      | HP: 10/44 [Duvessa/+0 rapier (6)]
  3111 | D:4      | HP: 6/44 [Duvessa/+0 rapier (5)]
  3112 | D:4      | Killed Duvessa
  3113 | D:4      | Reached skill level 8 in Ranged Weapons
  3116 | D:4      | HP: 3/44 [Dowan/+0 dagger (5)]
  3116 | D:4      | Slain by Dowan

Levels and vault maps discovered:
D:1:      amcnicky_arrival_gap_in_the_tavern_cellar, layout_basic,
          minmay_pentomino_v2
D:2:      layout_rooms, uniq_terence, uniq_natasha
D:3:      minmay_roachtagon, layout_loops_corners, lightli_temple_of_fire,
          ebering_ecumenical_altar_ruins, minmay_misc_feat_rugged, uniq_ijyb
D:4:      nicolae_BIG_FREAKIN_CUBE, layout_basic, guppyfry_shop_venom,
          uniq_menkaure, uniq_duvessa, uniq_blork_the_orc, uniq_eustachio

Skill      XL: |  1  2  3  4  5  6  7 |
---------------+----------------------+-----
Armour         | 2 |  2.0
Ranged Weapons | 5 6 7 8 |  8.2
Fighting       | 3 4 |  4.3
Dodging        | |  1.5
Stealth        | |  1.1

Action                     |  1- 3 |  4- 6 |  7- 9 || total
---------------------------+-------+-------+-------++-------
   Fire: Shortbow          |    77 |   166 |    31 ||   274
    Use: Scroll            |     2 |     9 |       ||    11
         Potion            |     1 |       |       ||     1
 Armour: Leather armour    |     8 |       |       ||     8
         Ring mail         |     8 |    54 |    19 ||    81
         Skin              |       |     3 |       ||     3
  Dodge: Dodged            |    18 |    72 |    19 ||   109
  Block: Other             |       |    12 |     5 ||    17

Table legend:
 A = Non-vault XP
 B = Vault XP
 C = Vault XP percentage of total XP
 D = Non-vault monster count
 E = Vault monster count
 F = Vault count percentage of total count
                 A         B        C        D         E       F
            +---------+---------+-------+---------+---------+-------
      Total |     436 |     568 |  56.6 |      69 |      16 |  18.8
            +---------+---------+-------+---------+---------+-------
        D:1 |      32 |      38 |  54.3 |      19 |       3 |  13.6
        D:2 |      58 |      68 |  54.0 |      23 |       2 |   8.0
        D:3 |      80 |      14 |  14.9 |      17 |       7 |  29.2
        D:4 |     266 |     448 |  62.7 |      10 |       4 |  28.6
            +---------+---------+-------+---------+---------+-------
